 Dungeon Crawl Stone Soup version 0.28.0-1-gb440e238dd (webtiles) character file.

Game seed: 16970288937903335059

3567 themarg the Cleaver (level 9, -1/82 HPs)
             Began as a Minotaur Berserker on Feb 24, 2022.
             Was an Elder of Trog.
             Succumbed to Erica's bolt of poison
             ... on level 8 of the Dungeon.
             The game lasted 00:23:22 (7264 turns).

themarg the Cleaver (Minotaur Berserker)            Turns: 7264, Time: 00:23:23

Health: -1/82      AC:  9    Str: 25    XL:     9   Next: 84%
Magic:  8/8        EV: 12    Int:  4    God:    Trog [****..]
Gold:   348        SH:  0    Dex: 11    Spells: 8/8 levels left

rFire   . . .      SeeInvis .   a - +0 hand axe
rCold   . . .      Faith    .   (no shield)
rNeg    . . .      Spirit   .   t - +0 scale mail
rPois   +          Reflect  .   (helmet restricted)
rElec   .          Harm     .   (no cloak)
rCorr   .          Rampage  .   (no gloves)
Will    .....                   u - +0 pair of boots
Stlth   ..........              (no amulet)
HPRegen 0.23/turn               G - ring of poison resistance
MPRegen 0.11/turn               (no ring)

@: lethally poisoned (-1 -> -7), on berserk cooldown, slowed, very slow
A: horns 2, retaliatory headbutt
a: Renounce Religion, Berserk, Trog's Hand, Brothers in Arms


You were on level 8 of the Dungeon.
You worshipped Trog.
Trog was greatly pleased with you.
You visited 1 branch of the dungeon, and saw 8 of its levels.
You also visited: Sewer.

You collected 348 gold pieces.

Inventory:

Hand Weapons
 a - a +0 hand axe (weapon)
 k - a +1 great mace of holy wrath
 l - a +4 spectral club
 A - a +0 hunting sling
Missiles
 d - 155 stones (quivered)
 o - 9 poisoned darts
 y - 4 atropa-tipped darts
 B - 4 throwing nets
Armour
 t - a +0 scale mail (worn)
 u - a +0 pair of boots (worn)
Jewellery
 e - an amulet of magic regeneration
 p - a ring of ice
 G - a ring of poison resistance (left hand)
Wands
 z - a wand of iceblast (8)
 C - a wand of polymorph (3)
 H - a wand of charming (7)
 I - a wand of flame (11)
Scrolls
 f - 2 scrolls of blinking
 j - a scroll of magic mapping
 m - 2 scrolls of silence {unknown}
 q - 3 scrolls of teleportation {unknown}
 s - a scroll of summoning {unknown}
 v - 2 scrolls of fear {unknown}
 x - a scroll of fog {unknown}
 D - 2 scrolls of enchant armour {unknown}
Potions
 c - 3 potions of degeneration
 g - 2 potions of curing
 h - 2 potions of berserk rage
 i - a potion of might {unknown}
 n - a potion of heal wounds
 r - 4 potions of brilliance
 w - a potion of ambrosia {unknown}
 E - a potion of haste {unknown}
 F - 3 potions of lignification


   Skills:
 + Level 8.4 Fighting
 + Level 11.3 Axes
 + Level 8.5 Armour
 + Level 6.4 Dodging
 + Level 1.3 Stealth


You had 8 spell levels left.
You didn't know any spells.
Your spell library was empty.

Dungeon Overview and Level Annotations

Branches:
Dungeon (8/15)             Temple (0/1) D:5           Sewer (visited)
   Lair: D:8-11

Altars:
Cheibriados
Hepliaklqana
Vehumet
Wu Jian

Annotations:
D:4 exclusion: downstairs
D:8 Erica


Innate Abilities, Weirdness & Mutations

You have a pair of horns on your head.
You reflexively headbutt those who attack you in melee.


Message History

You resist with significant effort.
You bump into the rock wall.
Erica points at you and mumbles some strange words.
The bolt of poison hits you. You resist.
* * * LOW HITPOINT WARNING * * *
You miss Erica. Your headbutt misses Erica.
Erica is severely wounded.
Erica points at you and mumbles some strange words.
The bolt of poison hits you!
You are lethally poisoned!
You resist.
* * * LOW HITPOINT WARNING * * *
You feel better.
Erica looks angry.
Erica points at you and mumbles some strange words.
The bolt of poison hits you!
You are lethally poisoned!
You resist.
* * * LOW HITPOINT WARNING * * *
Erica mumbles some strange words.
Erica flickers and vanishes!
Deactivating autopickup; reactivate with Ctrl-A.
You feel much better.
You feel very sick. Something hits you!
* * * LOW HITPOINT WARNING * * *
Something burns you.
* * * LOW HITPOINT WARNING * * *
You closely miss something. Your headbutt misses something.
Your punch misses something.
You feel very sick. Something hits you!
* * * LOW HITPOINT WARNING * * *
Something burns you.
* * * LOW HITPOINT WARNING * * *
Okay, then.
Blink to where?
Press: ? - help, Dir - move target
As you read the scroll of blinking, it crumbles to dust.
You die...

### #<# #.# #.# #.# #.#
#.########### #.##.@......#
#.##.######.# #.##.#....#.#
#.##.#.##.#.#
#..c.###.##.#.##.#.######
+....+...{ยง.............>+
#....###.##.#.#......#####
#.... #.##.#.#......# #....
#@##.#.#......#


There were no monsters in sight!

Vanquished Creatures
  Harold (D:7)
  Grinder (D:5)
  Prince Ribbit (D:6)
  A steam dragon (D:5)
  3 water moccasins
  2 black bears
  An ogre (D:7)
  2 necrophages
  A centaur (D:8)
  A phantom (D:5)
  Blork the orc (D:5)
  2 bullfrogs (Sewer)
  A gnoll sergeant (D:5)
  2 scorpions (D:5)
  A water moccasin skeleton (D:7)
  6 killer bees (D:7)
  3 centaur zombies
  A jelly (D:5)
  A bullfrog skeleton (D:7)
  2 centaur skeletons
  2 hounds
  A gnoll shaman (D:7)
  2 orc priests
  Jessica (D:2)
  3 iguanas
  A hound skeleton (D:4)
  12 gnolls
  12 adders
  A shadow imp (D:6)
  2 ufetubi
  2 worms
  5 dart slugs
  9 orcs
  10 bats
  4 endoplasms
  14 giant cockroaches
  6 hobgoblins
  10 quokkas
  13 ball pythons
  6 frilled lizards
  3 goblins
  8 kobolds
  7 rats
168 creatures vanquished.

Vanquished Creatures (others)
  A plant (D:3)
1 creature vanquished.

Grand Total: 169 creatures vanquished

Notes
Turn   | Place    | Note
-------+----------+-------------------------------------------
     0 | D:1      | themarg the Minotaur Berserker began the quest for the Orb.
     0 | D:1      | Reached XP level 1. HP: 19/19 MP: 0/0
   268 | D:1      | Reached XP level 2. HP: 19/27 MP: 1/1
   376 | D:1      | Reached skill level 4 in Axes
   748 | D:1      | Found a faded altar of an unknown god.
   896 | D:2      | Reached XP level 3. HP: 33/33 MP: 2/2
  1136 | D:2      | Reached ** piety under Trog
  1232 | D:2      | Noticed Jessica
  1238 | D:2      | Killed Jessica
  1239 | D:2      | Reached XP level 4. HP: 36/41 MP: 3/3
  1880 | D:3      | Reached skill level 5 in Axes
  2233 | D:3      | Reached XP level 5. HP: 44/47 MP: 4/4
  2468 | D:4      | Found a glowing drain.
  2489 | Sewer    | Entered a sewer
  2528 | Sewer    | Reached *** piety under Trog
  2752 | Sewer    | Reached skill level 5 in Fighting
  3156 | Sewer    | Reached skill level 6 in Axes
  3156 | Sewer    | Reached XP level 6. HP: 52/56 MP: 5/5
  3510 | D:4      | Reached XP level 7. HP: 54/62 MP: 6/6
  3812 | D:5      | Entered Level 5 of the Dungeon
  3812 | D:5      | Noticed Grinder
  3843 | D:5      | Reached **** piety under Trog
  3846 | D:5      | Reached skill level 7 in Axes
  4177 | D:5      | Reached skill level 5 in Armour
  4233 | D:5      | Killed Grinder
  4234 | D:5      | Reached skill level 8 in Axes
  4234 | D:5      | Reached XP level 8. HP: 71/71 MP: 7/7
  4303 | D:5      | Noticed Blork the orc
  4316 | D:5      | Killed Blork the orc
  4330 | D:5      | Reached skill level 1 in Stealth
  4537 | D:5      | Found a hazy altar of Hepliaklqana.
  4589 | D:5      | Reached skill level 9 in Axes
  4589 | D:5      | Reached skill level 5 in Dodging
  5133 | D:5      | Found a staircase to the Ecumenical Temple.
  5292 | D:6      | Found a radiant altar of Vehumet.
  5642 | D:6      | Noticed Prince Ribbit
  5649 | D:6      | Killed Prince Ribbit
  5650 | D:6      | Reached XP level 9. HP: 68/80 MP: 8/8
  5898 | D:7      | Reached skill level 10 in Axes
  6209 | D:7      | Noticed Harold
  6412 | D:7      | Found an ornate altar of the Wu Jian Council.
  6591 | D:7      | Killed Harold
  6667 | D:7      | Reached skill level 11 in Axes
  7022 | D:7      | Found a snail-covered altar of Cheibriados.
  7138 | D:8      | Noticed Erica
  7260 | D:8      | HP: 4/82 [Erica/bolt of poison (8)]
  7263 | D:8      | HP: 1/82 [something (3)]
  7264 | D:8      | Succumbed to Erica's bolt of poison

Illustrated notes

Levels and vault maps discovered:
D:1:      dpeg_arrival_signposts, layout_rooms,
          shapermc_ecumenical_altar_mp_vishouse
D:2:      layout_loops_cross, uniq_jessica
D:3:      cheibrodos_old_hovel, layout_basic
D:4:      layout_rooms, cheibrodos_sewer_entry_sluice
D:5:      layout_cave_pools, nzn_hepliaklqana_mist_gate,
          minmay_temple_entry_enclosed_plants, saegor_snake_ambush,
          uniq_grinder, uniq_blork_the_orc
D:6:      layout_rooms, nicolae_vehumet_radiance, serial_corexii_hall,
          corexii_hall_statues_l, corexii_hall_statues_x, uniq_prince_ribbit1
D:7:      layout_rooms, kennysheep_slug_shrine, lemuel_round_altar, uniq_harold
D:8:      layout_basic, uniq_erica

Skill      XL: |  1  2  3  4  5  6  7  8  9 |
---------------+----------------------------+-----
Axes           | 4 5 6 8 9 11 | 11.3
Fighting       | 4 5 6 7 8 |  8.4
Armour         | 3 4 5 6 8 |  8.5
Dodging        | 3 4 5 6 |  6.4
Stealth        | 1 |  1.3

Action                   |  1- 3 |  4- 6 |  7- 9 || total
-------------------------+-------+-------+-------++-------
Melee: Hand axe          |    77 |   147 |   229 ||   453
       Headbutt          |     5 |    16 |    43 ||    64
       Punch             |     1 |       |     5 ||     6
Invok: Berserk           |     1 |       |     6 ||     7
  Use: Scroll            |       |       |     8 ||     8
       Potion            |       |       |     4 ||     4
 Stab: Distracted        |       |     1 |       ||     1
Armor: Animal skin       |     4 |       |       ||     4
       Ring mail         |    19 |    49 |    10 ||    78
       Scale mail        |       |       |    88 ||    88
Dodge: Dodged            |    43 |   109 |   158 ||   310
